 Dungeon Crawl Stone Soup version 0.18.1-6-gd335043 (webtiles) character file.

3212 ololoev the Thaumaturge (level 9, -9/45 HPs)
             Began as a Deep Elf Ice Elementalist on May 19, 2016.
             Was a Priest of Vehumet.
             Killed from afar by an electric eel (13 damage)
             ... with a bolt of electricity
             ... on level 8 of the Dungeon.
             The game lasted 00:32:26 (9014 turns).

ololoev the Thaumaturge (Deep Elf Ice Elementalist) Turns: 9014, Time: 00:32:27

Health: -9/45      AC: 10    Str:  1    XL:     9   Next: 65%
Magic:  13/26      EV: 14    Int: 26    God:    Vehumet [***...]
Gold:   436        SH:  0    Dex: 20    Spells: 4 memorised, 20 levels left

rFire  + . .     SeeInvis .     a - +1 flail (protect)
rCold  . . .     Gourm    .     w - +0 robe
rNeg   + . .     Faith    .     (no shield)
rPois  +         Spirit   .     x - +1 helmet
rElec  .         Dismiss  .     m - +0 cloak
rCorr  .         Reflect  .     (no gloves)
SustAt .         Harm     .     (no boots)
MR     .....                    d - amulet "Educokil" {RegenMP rPois rF+ Str-4 Int+2}
Stlth  ++........               r - +5 ring of dexterity
                                l - ring of positive energy

@: not resistant to hostile enchantments, unstealthy
A: no striking features
a: Renounce Religion

Inventory:

Hand Weapons
 a - a +1 flail of protection (weapon)
 b - the +6 trident of Subjectivity {flame, MR+}
   (You found it on level 7 of the Dungeon)

   It has been specially enchanted to burn those struck by it, causing extra
   injury to most foes and up to half again as much damage against particularly
   susceptible opponents.
   It affects your resistance to hostile enchantments.
Armour
 m - a +0 cloak (worn)
 w - a +0 robe (worn)
 x - a +1 helmet (worn)
 y - a troll hide
Jewellery
 d - the amulet "Educokil" (around neck) {RegenMP rPois rF+ Str-4 Int+2}
   (You found it on level 5 of the Dungeon)

   [amulet of magic regeneration]

   It increases your magic regeneration.
   It affects your strength (-4).
   It affects your intelligence (+2).
   It protects you from fire.
   It protects you from poison.
 l - a ring of positive energy (left hand)
 r - a +5 ring of dexterity (right hand)
Wands
 k - a wand of digging (15/24)
 u - a wand of iceblast (5/15)
 v - a wand of confusion (26/48)
Scrolls
 g - 4 scrolls of blinking
 p - 4 scrolls of remove curse
 q - 6 scrolls of teleportation
 s - a scroll of immolation
 t - a scroll of amnesia {unknown}
Potions
 e - a potion of might
 h - 4 potions of flight
 i - a potion of cancellation
 A - a potion of magic
Comestibles
 c - 4 bread rations
 f - 2 slices of pizza
 j - 2 beef jerkies
 n - 3 chunks of flesh
 o - 9 meat rations


   Skills:
 + Level 3.4 Dodging
 - Level 2.4 Stealth
 * Level 11.4 Spellcasting
 + Level 7.3 Conjurations
 * Level 7.7 Fire Magic
 - Level 4.7 Ice Magic


You had 20 spell levels left.
You knew the following spells:

 Your Spells              Type           Power        Failure   Level  Hunger
a - Flame Tongue          Conj/Fire      #####        1%          1    None
b - Conjure Flame         Conj/Fire      ######..     1%          3    None
c - Throw Icicle          Conj/Ice       #####...     1%          4    None
e - Throw Frost           Conj/Ice       #####.       1%          2    None


You were on level 8 of the Dungeon.
You worshipped Vehumet.
Vehumet was most pleased with you.
You were not hungry.

You visited 1 branch of the dungeon, and saw 8 of its levels.
You also visited: Sewer.

You collected 436 gold pieces.
Fh≈≈h

# ≈≈≈ # ≈;; # ;;;
# #§# # #)# # #§#
# #.###########.#
# #...........@.#
# ######.########
##### #.# #...#
#.## ....# #..##
#...# ##..##
##.########...####
.)...............+
##.########...####

Notes
Turn   | Place    | Note
--------------------------------------------------------------
     0 | D:1      | ololoev the Deep Elf Ice Elementalist began the quest for the Orb.
     0 | D:1      | Reached XP level 1. HP: 10/10 MP: 6/6
   190 | D:1      | Reached XP level 2. HP: 15/15 MP: 2/8
   194 | D:1      | Learned a level 2 spell: Throw Frost
   523 | D:1      | Reached skill level 4 in Spellcasting
   555 | D:1      | Reached XP level 3. HP: 19/19 MP: 5/10
  1375 | D:2      | Found a faded altar to an unknown god.
  1532 | D:2      | Reached XP level 4. HP: 24/24 MP: 5/12
  1664 | D:2      | Learned a level 4 spell: Throw Icicle
  1775 | D:2      | Found a stormy altar of Qazlal.
  1815 | D:2      | Reached skill level 5 in Spellcasting
  2565 | D:3      | Found an ancient bone altar of Kikubaaqudgha.
  2565 | D:3      | Found a deep blue altar of Sif Muna.
  2567 | D:3      | Found a radiant altar of Vehumet.
  2572 | D:3      | Identified Vehumet's Handbook of Combat Magic
  2575 | D:3      | Became a worshipper of Vehumet
  2983 | D:3      | Reached XP level 5. HP: 28/28 MP: 11/14
  3381 | D:4      | Noticed ThereIsNoGod's ghost (amateur DsGl)
  3817 | D:4      | Reached skill level 6 in Spellcasting
  3968 | D:3      | Reached XP level 6. HP: 20/32 MP: 7/17
  4227 | D:4      | Killed ThereIsNoGod's ghost
  4741 | D:4      | Reached * piety under Vehumet
  4741 | D:4      | Offered knowledge of Flame Tongue by Vehumet.
  4747 | D:4      | Learned a level 1 spell: Flame Tongue
  4879 | D:4      | Learned a level 3 spell: Conjure Flame
  4888 | D:4      | Reached skill level 7 in Spellcasting
  4888 | D:4      | Reached XP level 7. HP: 36/36 MP: 11/19
  5069 | D:4      | Found a burning altar of Makhleb.
  5200 | D:5      | Entered Level 5 of the Dungeon
  5202 | D:5      | Reached skill level 1 in Fire Magic
  5228 | D:5      | Found a sparkling altar of Nemelex Xobeh.
  5246 | D:5      | Reached skill level 5 in Conjurations
  5288 | D:5      | Noticed Edmund
  5366 | D:5      | Got a translucent bronze amulet
  5369 | D:5      | Identified the amulet "Educokil" {RegenMP rPois rF+ Str-4 Int+2} (You found it on level 5 of the Dungeon)
  5477 | D:5      | Noticed Blork the orc
  5502 | D:5      | Reached skill level 8 in Spellcasting
  5551 | D:5      | Noticed Crazy Yiuf
  5565 | D:5      | Killed Crazy Yiuf
  5599 | D:5      | Killed Blork the orc
  5704 | D:5      | Killed Edmund
  5704 | D:5      | Reached XP level 8. HP: 30/41 MP: 0/22
  5771 | D:5      | Found a glowing drain.
  5804 | Sewer    | Entered a sewer
  5951 | Sewer    | Offered knowledge of Sandblast by Vehumet.
  5964 | Sewer    | Reached ** piety under Vehumet
  6340 | Sewer    | Noticed Tux's ghost (amateur VSMo)
  6353 | Sewer    | Killed Tux's ghost
  6353 | Sewer    | Reached skill level 9 in Spellcasting
  6496 | Sewer    | Offered knowledge of Throw Flame by Vehumet.
  6793 | D:5      | Found a snail-covered altar of Cheibriados.
  7319 | D:5      | Reached skill level 5 in Fire Magic
  7443 | D:6      | Found a staircase to the Ecumenical Temple.
  7694 | D:6      | Reached *** piety under Vehumet
  7694 | D:6      | Reached skill level 10 in Spellcasting
  7827 | D:6      | Found a glowing golden altar of the Shining One.
  7865 | D:6      | oplop: файтеру имеет смысл клоку инвиза теребить?
  7898 | D:6      | Reached XP level 9. HP: 37/45 MP: 18/25
  8505 | D:7      | Noticed a troll
  8537 | D:7      | Killed a troll
  8538 | D:7      | Offered knowledge of Static Discharge by Vehumet.
  8573 | D:7      | Reached skill level 11 in Spellcasting
  8658 | D:7      | Got a twisted trident
  8659 | D:7      | Identified the +6 trident of Subjectivity {flame, MR+} (You found it on level 7 of the Dungeon)
  8862 | D:8      | Found a shimmering altar of Xom.
  8919 | D:8      | Noticed a troll
  8927 | D:8      | Killed a troll
  9014 | D:8      | Killed from afar by an electric eel

Dungeon Overview and Level Annotations

Branches:
Dungeon (8/15)             Temple (0/1) D:6
   Lair: D:8-11

Altars:
Cheibriados
Kikubaaqudgha
Makhleb
Nemelex Xobeh
Qazlal
Sif Muna
Vehumet
Xom
The Shining One


Message History

Confirm with . or Enter, or press ? or * to list all spells.
Aiming: Flame Tongue
Press: ? - help, Shift-Dir - straight line, f/p - orc warrior
Aim: an orc warrior, wielding a halberd and wearing a chain mail The flame tongue hits the orc warrior.
The orc warrior appears unharmed.
Casting: Flame Tongue
Confirm with . or Enter, or press ? or * to list all spells.
Aiming: Flame Tongue
Press: ? - help, Shift-Dir - straight line, f/p - orc warrior
Aim: an orc warrior, wielding a halberd and wearing a chain mail The flame tongue hits the orc warrior.
The orc warrior is lightly wounded.
A giant frog comes into view.
Casting: Flame Tongue
Confirm with . or Enter, or press ? or * to list all spells.
Aiming: Flame Tongue
Press: ? - help, Shift-Dir - straight line, f/p - orc warrior
Aim: an orc warrior, wielding a halberd and wearing a chain mail (lightly wounded)
The flame tongue hits the orc warrior.
The orc warrior is moderately wounded.
The giant frog gives a loud, deep croak!
The giant frog moves out of view.
Casting: Flame Tongue
Confirm with . or Enter, or press ? or * to list all spells.
Aiming: Throw Icicle
Press: ? - help, Shift-Dir - straight line, f/p - orc warrior
Aim: an orc warrior, wielding a halberd and wearing a chain mail (moderately wounded)
The shard of ice hits the orc warrior.
You kill the orc warrior!
Vehumet accepts your kill. 2 electric eels come into view.
Casting: Throw Icicle
Confirm with . or Enter, or press ? or * to list all spells.
Aiming: Flame Tongue
Press: ? - help, Shift-Dir - straight line, f - orc
Aim: an orc, wielding a flail The flame tongue hits the orc.
The orc is almost dead.
Casting: Flame Tongue
Confirm with . or Enter, or press ? or * to list all spells.
Aiming: Flame Tongue
Press: ? - help, Shift-Dir - straight line, f/p - orc
Aim: an orc, wielding a flail (almost dead)
The flame tongue hits the orc.
You kill the orc!
Vehumet accepts your kill.
Casting: Flame Tongue
Confirm with . or Enter, or press ? or * to list all spells.
Aiming: Flame Tongue
Press: ? - help, Shift-Dir - straight line, f - giant frog
Aim: a giant frog The flame tongue hits the giant frog.
The giant frog is moderately wounded.
The electric eel shoots out a bolt of lightning at you!
The bolt of electricity hits the giant frog.
The bolt of electricity hits you! x2 2 electric eels come into view.
Casting: Flame Tongue
Confirm with . or Enter, or press ? or * to list all spells.
Aiming: Conjure Flame
Press: ? - help, Dir - move target cursor, f/p - giant frog
Aim: a giant frog (severely wounded)
Okay, then.
Casting: Conjure Flame
Confirm with . or Enter, or press ? or * to list all spells.
Aiming: Conjure Flame
Press: ? - help, Dir - move target cursor, p - giant frog The fire roars!
The hound barks!
A giant frog comes into view.
The electric eel shoots out a bolt of lightning at you!
The bolt of electricity hits the giant frog.
The giant frog dies!
The bolt of electricity misses you. The bolt of electricity hits you!
The electric eel shoots out a bolt of lightning at you!
The bolt of electricity hits you! x2
The electric eel shoots out a bolt of lightning at you!
The bolt of electricity hits the electric eel.
The electric eel completely resists.
The bolt of electricity hits you! x2
You die...

You could see 4 electric eels.

Vanquished Creatures
  2 trolls
  The ghost of ThereIsNoGod the Slasher, an amateur DsGl (D:4)
  Edmund (D:5)
  2 orc warriors
  4 ice beasts
  2 black bears
  A phantom (D:6)
  A centaur (D:6)
  The ghost of Tux the Ruffian, an amateur VSMo (Sewer)
  Blork the orc (D:5)
  2 giant frogs
  A scorpion (D:6)
  4 wights (D:6)
  2 crimson imps
  3 hounds
  A centaur zombie (D:5)
  A gnoll shaman (D:6)
  An orc wizard (D:3)
  Crazy Yiuf (D:5)
  4 giant frog skeletons
  An iguana (D:4)
  A siren (Sewer)
  9 worker ants
  A merfolk avatar (Sewer)
  3 hound skeletons
  A hound zombie (D:5)
  13 adders
  9 gnolls
  4 river rats
  2 oozes
  2 adder zombies
  2 adder skeletons
  A worm (D:2)
  2 dart slugs
  7 giant geckos
  19 orcs
  14 giant cockroaches
  9 goblins
  11 hobgoblins
  8 kobolds
  4 quokkas
  13 ball pythons
  8 bats
  A giant gecko skeleton (D:4)
  6 giant newts
  31 rats
218 creatures vanquished.

Vanquished Creatures (others)
  A giant frog (D:8)
  4 toadstools (D:1)
5 creatures vanquished.

Grand Total: 223 creatures vanquished

Action                   |  1- 3 |  4- 6 |  7- 9 || total
-------------------------+-------+-------+-------++-------
Melee: Unarmed           |     2 |       |       ||     2
       Falchion          |       |    13 |    12 ||    25
       Flail             |       |       |     8 ||     8
 Cast: Freeze            |    23 |    19 |       ||    42
       Throw Frost       |    41 |    87 |    16 ||   144
       Throw Icicle      |       |     7 |    17 ||    24
       Flame Tongue      |       |     5 |   242 ||   247
       Conjure Flame     |       |       |    20 ||    20
Evoke: Wand              |       |     1 |     9 ||    10
  Use: Scroll            |       |       |    18 ||    18
       Potion            |       |       |     1 ||     1
 Stab: Sleeping          |       |     1 |       ||     1
  Eat: Chunk             |     2 |    11 |    14 ||    27
Armor: Robe              |     3 |     3 |    25 ||    31
Dodge: Dodged            |     9 |    37 |    47 ||    93

Vault maps used:
D:1:      ldierk_water_garden, st_stairs_1
D:2:      old_standard_altar, ecumenical_altar_1
D:3:      grunt_temple_overflow_magic_moments, kennysheep_generic_room_7
D:4:      makhleb_heckhound_becter, first_bread, st_stairs_8
D:5:      old_standard_altar, nemelex_xobeh_ov_fountains_minmay,
          portal_sewer_entry_e, hangedman_glass_teeth, hex_large, uniq_edmund,
          uniq_blork_the_orc, uniq_crazy_yiuf_cottage
D:6:      basic_altar
D:7:      st_stairs_12
D:8:      xom_teletrap_fun, kennysheep_mini, nicolae_dithmenos_shadow_blocks,
          erik_lair_island
Sewer:    sewer_sea
